 Dungeon Crawl Stone Soup version 0.31-a0-949-g57150269e1 (webtiles) character file.

Game seed: 9011722525603366663

4237 CowFu the Reanimator (level 10, -1/80 HPs)
             Began as a Mummy Necromancer on Oct 23, 2023.
             Was an Initiate of Gozag.
             Engulfed by a steam dragon's steam (15 damage)
             ... on level 9 of the Dungeon.
             The game lasted 00:19:08 (10827 turns).

CowFu the Reanimator (Mummy Necromancer)           Turns: 10827, Time: 00:19:09

Health: -1/80      AC:  5    Str: 10    XL:     10   Next: 9%
Magic:  14/14      EV: 19    Int: 33    God:    Gozag
Gold:   459        SH:  0    Dex: 15    Spells: 1/14 levels left

rFire   x . .        l - +5 dagger "Backscratcher" {pain, Str-3 Int+8 Dex+2}
rCold   . . .        f - orb {light}
rNeg    + + +        a - +0 robe
rPois   ∞            o - +1 helmet "Cadudaick" {rPois rC- Will++ Int+8}
rElec   .            (no cloak)
rCorr   .            u - +0 pair of gloves
SInv    .            (no boots)
Will    +++..        (no amulet)
Stlth   +            w - ring of the Mage {Wiz Archmagi}
HPRegen 0.33/turn    s - +5 ring of evasion
MPRegen 0.14/turn

%: faith, wizardry (x1), archmagi
@: gold aura, glowing
A: cold resistance 1, negative energy resistance 3, torment resistance 2, heat
vulnerability 1, in touch with death 1, no potions, faith
a: Renounce Religion, Potion Petition, Call Merchant, Bribe Branch


You were on level 9 of the Dungeon.
You worshipped Gozag.
Gozag was aware of your devotion.
You visited 2 branches of the dungeon, and saw 10 of its levels.

You collected 2120 gold pieces.
You spent 1536 gold pieces at shops.
You paid 125 gold pieces to Gozag.

Inventory:

Hand Weapons
 l - the +5 dagger "Backscratcher" (weapon) {pain, Str-3 Int+8 Dex+2}
   (You found it on level 4 of the Dungeon)

   Str-3:     It affects your strength (-3).
   Int+8:     It affects your intelligence (+8).
   Dex+2:     It affects your dexterity (+2).
Armour
 a - a +0 robe (worn)
 f - an orb of light (worn)
 k - a scarf of invisibility
 o - the +1 helmet "Cadudaick" (worn) {rPois rC- Will++ Int+8}
   (You bought it in a shop on level 2 of the Dungeon)

   Int+8:     It affects your intelligence (+8).
   rC-:       It makes you vulnerable to cold.
   rPois:     It protects you from poison Will++: It greatly increases your
   willpower.
 u - a +0 pair of gloves (worn)
Jewellery
 d - a ring of flight
 n - a ring of fire
 s - a +5 ring of evasion (right hand)
 w - the ring of the Mage (left hand) {Wiz Archmagi}
   (You bought it in a shop on level 8 of the Dungeon)

   [ring of wizardry]

   Wiz:       It improves your spell success rate.
   Archmagi:  It increases the power of your magical spells.
Wands
 m - a wand of flame (44)
 r - a wand of iceblast (11)
 v - a wand of digging (3)
Scrolls
 b - 4 scrolls of fog
 e - 9 scrolls of teleportation
 g - a scroll of amnesia
 h - 2 scrolls of immolation
 i - 3 scrolls of poison
 j - 2 scrolls of blinking
 p - 2 scrolls of silence
 q - a scroll of enchant weapon
 t - a scroll of torment


   Skills:
 + Level 8.1 Fighting
 + Level 4.2 Armour
 + Level 4.7 Dodging
 + Level 5.1 Stealth
 - Level 2.6 Spellcasting
 + Level 8.9 Necromancy


You had one spell level left.
You knew the following spells:

 Your Spells              Type           Power      Damage    Failure   Level
a - Necrotise             Necr           100%       1d9       1%          1
b - Vampiric Draining     Necr           97%        2d12      1%          3
c - Animate Dead          Necr           97%        N/A       1%          4
d - Agony                 Necr           97%        N/A       1%          5

Your spell library contained the following spells:

 Spells                   Type           Power      Damage    Failure   Level
 Magic Dart               Conj           24%        1d4       2%          1
 Call Imp                 Summ           12%        N/A       3%          2
 Mephitic Cloud           Conj/Pois/Air  6%         N/A       8%          3
 Tukima's Dance           Hex            6%         N/A       8%          3
 Passage of Golubria      Tloc           6%         N/A       24%         4
 Yara's Violent Unravell  Hex/Tmut       3%         3d4       52%         5
 Conjure Ball Lightning   Conj/Air       3%         3x3d6     97%         6
 Discord                  Hex            3%         N/A       100%        8
 Disjunction              Tloc           3%         N/A       100%        8


Dungeon Overview and Level Annotations

Branches:
Dungeon (9/15)             Temple (1/1) D:7
   Lair: D:8-11         Orc: D:9-12

Altars:
Ashenzari
Cheibriados
Dithmenos
Fedhas
Gozag
Hepliaklqana
Makhleb
Nemelex Xobeh
Okawaru
Qazlal
Ru
Sif Muna
Trog
Uskayaw
Vehumet
Wu Jian
Xom
Yredelemnul

Shops:
D:2 (?[!!   D:6 [   D:8 =


Innate Abilities, Weirdness & Mutations

You are immune to poison.
Your flesh is cold resistant. (rC+)
You are immune to negative energy. (rN+++)
You are immune to unholy pain and torment.
You are vulnerable to heat. (rF-)
You are in touch with the powers of death.
You do not drink.
You have a special connection with the divine. (Faith)


Message History

The bullfrog attacks as it pursues you! The bullfrog closely misses you.
The bullfrog completely misses you.
You hear the creaking of a very distant portcullis.
The bullfrog attacks as it pursues you! The bullfrog barely misses you.
You puncture the bullfrog!
The bullfrog writhes in agony.
The bullfrog is heavily wounded.
The bullfrog closely misses you. The bullfrog hits you.
You hit the bullfrog.
The bullfrog writhes in agony!
The bullfrog is almost dead.
The bullfrog misses you.
You hit the bullfrog.
You kill the bullfrog!
The steam dragon breathes steam at you. The ball of steam hits you!!
The steam scalds you terribly!
You hear an angry hiss.
You are engulfed in a cloud of scalding steam.
The steam dragon completely misses you. The steam dragon closely misses you.
You see here 7 gold pieces.
You hit the steam dragon.
The steam dragon writhes in agony.
The steam dragon is lightly wounded.
You are engulfed in a cloud of scalding steam.
The steam dragon bites you.
* * * LOW HITPOINT WARNING * * *
The steam dragon closely misses you.
You puncture the steam dragon!
The steam dragon is heavily wounded.
You are engulfed in a cloud of scalding steam.
* * * LOW HITPOINT WARNING * * *
The steam dragon bites you.
* * * LOW HITPOINT WARNING * * *
The steam dragon barely misses you.
You barely miss the steam dragon.
The steam dragon is heavily wounded.
The steam dragon completely misses you. x2
The water moccasin hisses angrily.
You hit the steam dragon.
The steam dragon is heavily wounded.
You are engulfed in a cloud of scalding steam.
You die...
Your body crumbles into a pile of gold.

##...###.#
###..# ##.#
######..#
##.........
#.## ##.## #.
###.# .# ##
#.$.# ##. #
#.### .... #.#
.....
#.######......
#
#.§..@DDh...S.
########.....S
..... .... ...
.. #


You could see a steam dragon, a water moccasin, a black bear and an acid dragon.

Vanquished Creatures
  Joseph (D:7)
  A hornet (D:8)
  4 yaks (D:8)
  A wyvern (D:8)
  A steam dragon (D:7)
  A water moccasin (D:7)
  3 ice beasts
  2 black bears
  An orc warrior (D:7)
  An ogre (D:6)
  2 kobold brigands (D:8)
  Blork the orc (D:6)
  7 bullfrogs
  4 scorpions
  2 wights
  2 howler monkeys
  2 jellies
  A bullfrog zombie (D:4)
  3 gnoll boudas
  2 hounds
  2 orc priests
  2 sleepcaps
  Jessica (D:3)
  2 iguanas
  4 orc wizards
  Natasha (thrice) (D:4)
  A hound skeleton (D:4)
  19 gnolls
  6 adders
  2 hound simulacra (D:4)
  3 shadow imps
  A white imp (D:7)
  A spectral adder (D:4)
  A worm (D:5)
  A dart slug (D:1)
  22 orcs
  5 ball pythons
  5 endoplasms
  4 giant cockroaches
  3 goblins
  5 hobgoblins
  7 jackals
  6 quokkas
  3 bats
  6 frilled lizards
  A jackal skeleton (D:4)
  16 kobolds
  6 rats
180 creatures vanquished.

Vanquished Creatures (collateral kills)
  A jelly (D:6)
  A sleepcap (D:4)
  A giant cockroach (D:1)
  A bat (D:1)
  A goblin (D:1)
5 creatures vanquished.

Grand Total: 185 creatures vanquished

Notes
Turn   | Place    | Note
-------+----------+-------------------------------------------
     0 | D:1      | CowFu the Mummy Necromancer began the quest for the Orb.
     0 | D:1      | Reached XP level 1. HP: 13/13 MP: 4/4
   150 | D:1      | Reached XP level 2. HP: 15/19 MP: 0/5
   479 | D:1      | Reached skill level 5 in Necromancy
   579 | D:1      | Reached XP level 3. HP: 24/24 MP: 5/7
   583 | D:1      | Learned a level 3 spell: Vampiric Draining
   880 | D:2      | Found Ujaotutzis's Magic Scroll Shop.
   889 | D:2      | Bought a scroll of teleportation for 42 gold pieces
   978 | D:2      | Found a faded altar of an unknown god.
  1006 | D:2      | Found Otutul's Weapon Shoppe.
  1099 | D:2      | Found Guokhleg's Armour Emporium.
  1131 | D:2      | Found Ufinod's Distillery.
  1139 | D:2      | Found Kejam's Distillery.
  1447 | D:3      | Reached skill level 1 in Fighting
  1565 | D:3      | Reached XP level 4. HP: 20/32 MP: 1/8
  1812 | D:3      | Noticed Jessica
  1814 | D:3      | Killed Jessica
  2129 | D:3      | Found an iron altar of Okawaru.
  2480 | D:3      | Learned a level 4 spell: Animate Dead
  2558 | D:4      | Reached XP level 5. HP: 16/39 MP: 0/9
  3114 | D:4      | Reached XP level 6. HP: 21/47 MP: 0/10
  4031 | D:4      | Noticed Natasha
  4056 | D:4      | Killed Natasha
  4075 | D:4      | Reached XP level 7. HP: 14/55 MP: 7/11
  4267 | D:4      | Identified the +5 dagger "Backscratcher" {pain, Str-3 Int+8
                  | Dex+2}
  4410 | D:4      | Noticed Natasha
  4422 | D:4      | Killed Natasha
  4759 | D:4      | Noticed Natasha
  4768 | D:4      | Killed Natasha
  4835 | D:5      | Entered Level 5 of the Dungeon
  4849 | D:5      | Reached skill level 5 in Fighting
  6192 | D:5      | Identified a scroll of acquirement
  6192 | D:5      | Acquired 1193 gold pieces
  6313 | D:2      | Bought the +1 helmet "Cadudaick" {rPois rC- Will++ Int+8}
                  | for 623 gold pieces
  6401 | D:6      | Noticed Blork the orc
  6407 | D:6      | Killed Blork the orc
  6412 | D:6      | Reached skill level 1 in Armour
  6412 | D:6      | Reached XP level 8. HP: 33/64 MP: 3/12
  6548 | D:6      | Found Kium's Antique Armour Emporium.
  6556 | D:6      | Bought a glowing scarf for 208 gold pieces
  7060 | D:6      | Found an opulent altar of Gozag.
  7072 | D:6      | Became a worshipper of Gozag Ym Sagoz the Greedy
  8144 | D:7      | Found a staircase to the Ecumenical Temple.
  8269 | D:7      | Reached XP level 9. HP: 32/72 MP: 11/13
  8970 | D:7      | Noticed Joseph
  8985 | D:7      | Killed Joseph
  9371 | Temple   | Entered the Ecumenical Temple
  9531 | D:8      | Identified the +3 leather armour of Spring {Will+ Str+2
                  | Int-2}
  9832 | D:8      | Found Ziso's Jewellery Shoppe.
  9837 | D:8      | Bought the ring of the Mage {Wiz Archmagi} for 663 gold
                  | pieces
  9837 | D:8      | Found the ring of the Mage {Wiz Archmagi}
  9903 | D:8      | Found a hazy altar of Hepliaklqana.
 10455 | D:8      | Learned a level 5 spell: Agony
 10524 | D:9      | Reached XP level 10. HP: 58/80 MP: 14/14
 10526 | D:9      | Reached skill level 5 in Stealth
 10827 | D:9      | Engulfed by a steam dragon's steam

Illustrated notes

Levels and vault maps discovered:
D:1:      lightli_arrival_isolated_outpost, layout_basic
D:2:      layout_rooms, chequers_ecumenical_altar_simple_redux, serial_shops,
          nicolae_square_shop, shop, shop, shop,
          nicolae_shop_bloodbath_and_beyond
D:3:      layout_basic, amcnicky_altar_gilded, grunt_ministairs_14, uniq_jessica
D:4:      layout_basic, hangedman_decor_points, dilly_guarded_unrand_morg
D:5:      layout_basic, nrook_mini_backslash
D:6:      kennysheep_six_static_rooms, layout_loops_corners,
          grunt_gozag_statues, serial_shops, nicolae_stop_n_shop_1,
          minmay_misc_feat_hallway, bh_walls_and_bars, uniq_blork_the_orc
D:7:      layout_loops_ring, minmay_temple_entry_butterflies,
          dreamdust_gnoll_farm, uniq_joseph
D:8:      layout_loops_ring, lemuel_doored_altar, serial_shops, shop
D:9:      layout_rooms, due_lair_maze_entry_diamond, enter_bailey_5
Temple:   regret_index_temple_mists

Skill      XL: |  1  2  3  4  5  6  7  8  9 10 |
---------------+-------------------------------+-----
Necromancy     | 5 6 7 8 |  8.9
Fighting       | 1 2 3 4 6 7 8 |  8.1
Dodging        | 2 3 4 |  4.7
Stealth        | 2 3 4 5 |  5.1
Armour         | 1 2 4 |  4.2
Spellcasting   | |  2.6

Action                     |  1- 3 |  4- 6 |  7- 9 | 10-12 || total
---------------------------+-------+-------+-------+-------++-------
  Melee: Unarmed           |    21 |       |       |       ||    21
         Dagger            |    45 |     8 |   233 |    38 ||   324
         Punch             |     1 |       |       |       ||     1
         Spear             |       |    32 |     5 |       ||    37
   Cast: Necrotise         |    57 |    91 |   121 |       ||   269
         Vampiric Draining |       |       |    16 |       ||    16
    Use: Scroll            |       |     4 |     6 |       ||    10
   Stab: Sleeping          |     1 |       |     1 |       ||     2
         Distracted        |       |       |     1 |       ||     1
 Armour: Robe              |    51 |    47 |   160 |    24 ||   282
  Dodge: Dodged            |    80 |    43 |   257 |    38 ||   418

Table legend: (Time is in decaauts)
 A = Elapsed time spent in this place.
 B = Non-inter-level travel time spent in this place.
 C = Inter-level travel time spent in this place.
 D = Time resting spent in this place.
 E = Time spent auto-exploring this place.
 F = Levels seen in this place.
 G = Mean time per level.
                   A        B        C        D        E       F      G
               +--------+--------+--------+--------+--------+-----+--------+
         Total |  10831 |  10347 |    484 |    100 |   8318 |  10 | 1083.1 |
       Dungeon |  10829 |  10345 |    484 |    100 |   8318 |   9 | 1203.2 |
        Temple |      1 |      1 |      0 |      0 |      0 |   1 |    1.0 |
               +--------+--------+--------+--------+--------+-----+--------+

Top non-repeatable levels by time:
     D:4: 2368 daAuts
     D:7: 1500 daAuts
     D:6: 1481 daAuts
     D:5: 1435 daAuts
     D:8: 1355 daAuts
     D:3: 1239 daAuts
     D:1: 861 daAuts
     D:2: 499 daAuts
     D:9: 87 daAuts
  Temple: 1 daAuts
